 Dungeon Crawl Stone Soup version 0.31-a0-198-g2ad674f65e (webtiles) character file.

Game seed: 3569524791305513532

105 qw the Skirmisher (level 4, 0/25 HPs)
             Began as a Deep Elf Hunter on June 25, 2023.
             Slain by an orc priest
             ... wielding a +0 short sword
              (3 damage)
             ... on level 3 of the Dungeon.
             The game lasted 00:01:02 (1994 turns).

qw the Skirmisher (Deep Elf Hunter)                 Turns: 1994, Time: 00:01:03

Health: 0/25       AC:  5    Str: 10    XL:     4   Next: 53%
Magic:  6/6        EV: 11    Int: 14    God:
Gold:   42         SH:  0    Dex: 18    Spells: 3/3 levels left

rFire   . . .        Y - +0 shortbow
rCold   . . .        (shield currently unavailable)
rNeg    + . .        d - +0 ring mail
rPois   .            (no helmet)
rElec   .            (no cloak)
rCorr   .            (no gloves)
SInv    .            (no boots)
Will    .....        (no amulet)
Stlth   +            c - ring of positive energy
HPRegen 0.24/turn    (no ring)
MPRegen 0.10/turn

%: no passive effects
@: about to teleport
A: no striking features
a: no special abilities


You were on level 3 of the Dungeon.
You visited 1 branch of the dungeon, and saw 4 of its levels.

You collected 141 gold pieces.
You spent 99 gold pieces at shops.


   Skills:
 - Level 1.5 Fighting
 + Level 8.0 Ranged Weapons
 - Level 2.4 Dodging
 - Level 1.2 Stealth


You had 3 spell levels left.
You didn't know any spells.
Your spell library was empty.

Inventory:

Hand Weapons
 Y - a +0 shortbow (weapon)
Armour
 d - a +0 ring mail (worn)
Jewellery
 c - a ring of positive energy (left hand)
Scrolls
 a - a scroll of teleportation
Potions
 e - a potion of enlightenment {unknown}
 h - a potion of heal wounds
 i - a potion of curing
 j - a potion of invisibility {unknown}
 k - a potion of lignification {unknown}

Dungeon Overview and Level Annotations

Branches:
Dungeon (4/15)
 Temple: D:4-7

Altars:
Xom

Shops:
D:2 :(=!*


Message History

You shoot an arrow. The arrow barely misses the orc priest.
The ufetubus barely misses you. The ufetubus closely misses you.
The adder bites you.
You are poisoned.
The adder poisons you! The orc priest barely misses you.
The orc priest hits you but does no damage.
The ufetubus hits you. x2; The adder closely misses you.
You shoot an arrow.
The arrow closely misses the orc priest.
You feel sick. The ufetubus closely misses you. The ufetubus hits you.
The orc priest closely misses you. x2; The adder closely misses you.
The ufetubus closely misses you. The ufetubus barely misses you.
You shoot an arrow.
The arrow hits the orc priest but does no damage.
The orc priest is lightly wounded.
You feel sick. The adder bites you but does no damage.
The orc priest hits you but does no damage.
The orc priest barely misses you. The ufetubus closely misses you.
The ufetubus hits you. The adder bites you but does no damage.
You shoot an arrow.
The arrow hits the orc priest but does no damage.
The orc priest is lightly wounded.
You feel sick.
You are no longer poisoned.
The ufetubus hits you but does no damage.
The ufetubus barely misses you.
The orc priest hits you with a +0 short sword.
The orc priest hits you but does no damage.
The adder bites you but does no damage. The ufetubus hits you.
The ufetubus barely misses you. The orc priest hits you with a +0 club.
The orc priest hits you but does no damage.
1994 ||| READING 2 scrolls of teleportation.
As you read the scroll of teleportation, it crumbles to dust.
You feel strangely unstable.
The ufetubus hits you but does no damage. x2
The adder closely misses you.
The ufetubus hits you but does no damage.
The ufetubus barely misses you.
The orc priest hits you with a +0 short sword.
You die...

#.......#|..........##.### #..
##.####.#.###..........# #..
##.## #...# #.....#.#### ##.
##..# ##..###..##...####### ##
##.# ##..##.....#.......## #
###.### #..............##..#
......###.###............#.#
...............5.o..##.....#
...............o@S...##.#..####
....%................##.#.....##
.....................##.#..##..#
......................#.#....#.##
......................<..........
###........#..[..........#.....#.
# ###.#..........................
# #......................#..... #
###.##.......................


You could see 2 orc priests, an adder and an ufetubus.

Vanquished Creatures
  3 adders (D:2)
  A worm (D:3)
  2 dart slugs
  An orc (D:3)
  3 bats
  9 endoplasms
  5 giant cockroaches (D:1)
  3 goblins
  3 hobgoblins
  8 jackals
  6 kobolds
  4 quokkas
  6 ball pythons
  3 frilled lizards
  2 rats (D:2)
59 creatures vanquished.

Notes
Turn   | Place    | Note
-------+----------+-------------------------------------------
     0 | D:1      | qw the Deep Elf Hunter began the quest for the Orb.
     0 | D:1      | Reached XP level 1. HP: 12/12 MP: 3/3
     0 | D:1      | 0 ||| qw: Version: 0.3-a-22-g0ed2b0b
     0 | D:1      | 0 ||| qw: Game counter: 4969
     0 | D:1      | 0 ||| qw: Melee chars always use a shield: true
     0 | D:1      | 0 ||| qw: God list: Okawaru
     0 | D:1      | 0 ||| qw: Allow faded altars: false
     0 | D:1      | 0 ||| qw: Do Orc after clearing Dungeon:15 true
     0 | D:1      | 0 ||| qw: Do second Lair branch before Depths: true
     0 | D:1      | 0 ||| qw: Lair rune preference: random
     0 | D:1      | 0 ||| qw: Goals: Normal
     0 | D:1      | 0 ||| PLANNING D:1-11
    61 | D:1      | Reached skill level 6 in Ranged Weapons
    61 | D:1      | Reached XP level 2. HP: 16/16 MP: 4/4
   718 | D:1      | Reached XP level 3. HP: 20/20 MP: 5/5
   758 | D:1      | 758 ||| UPGRADING to +0 ring mail.
   768 | D:1      | 768 ||| DROPPING +0 leather armour.
   769 | D:1      | 769 ||| READING scroll labelled ONGIEPP DESH.
   770 | D:1      | 770 ||| READING scroll labelled GODIOQ OSTALI.
   771 | D:1      | 771 ||| DRINKING 3 bubbling blue potions.
   772 | D:1      | 772 ||| DRINKING 2 fizzy dark potions.
   773 | D:1      | 773 ||| DROPPING scroll of butterflies.
   842 | D:2      | Found Oqeoj's Distillery.
   849 | D:2      | 849 ||| SHOPLISTING potion of cancellation (104 gold, have
                  | 58).
   849 | D:2      | 849 ||| BUYING potion of curing (39 gold).
   849 | D:2      | Bought a potion of curing for 39 gold pieces
   849 | D:2      | 849 ||| SHOPLISTING potion of heal wounds (65 gold, have
                  | 19).
   849 | D:2      | 849 ||| SHOPLISTING potion of mutation (104 gold, have 19).
   850 | D:2      | Found Jabaps's Jewellery Shoppe.
   858 | D:2      | 858 ||| SHOPLISTING +6 ring of dexterity (468 gold, have
                  | 19).
   858 | D:2      | 858 ||| SHOPLISTING amulet "Domueryl" {Reflect rPois
                  | Will+++ Str-4 SH+5} (790 gold, have 19).
   858 | D:2      | 858 ||| SHOPLISTING ring of Ashenzari's Generosity {rElec
                  | rN+ Str+2 Slay+3 SInv} (650 gold, have 19).
   858 | D:2      | 858 ||| SHOPLISTING ring of Utydifirph {rElec rN+ Str+4
                  | Int+2} (605 gold, have 19).
   948 | D:2      | HP: 5/20 [frozen (4)]
   949 | D:2      | 949 ||| DRINKING 2 potions of heal wounds.
   993 | D:2      | HP: 5/20 [poisoned by an adder]
   994 | D:2      | 994 ||| DRINKING potion of heal wounds.
   996 | D:2      | Reached skill level 7 in Ranged Weapons
  1092 | D:2      | Found a faded altar of an unknown god.
  1109 | D:2      | 1109 ||| Stepping ~*~*~tactically~*~*~ (outnumbered).
  1123 | D:2      | Reached XP level 4. HP: 14/25 MP: 6/6
  1221 | D:2      | Found Xaomaugo's Book Shoppe.
  1277 | D:2      | 1277 ||| FLEEEEING.
  1278 | D:2      | 1278 ||| FLEEEEING.
  1279 | D:2      | 1279 ||| FLEEEEING.
  1280 | D:2      | 1280 ||| FLEEEEING.
  1281 | D:2      | 1281 ||| FLEEEEING.
  1282 | D:2      | 1282 ||| FLEEEEING.
  1283 | D:2      | 1283 ||| FLEEEEING.
  1284 | D:2      | 1284 ||| FLEEEEING.
  1285 | D:2      | 1285 ||| FLEEEEING.
  1286 | D:2      | 1286 ||| FLEEEEING.
  1287 | D:2      | 1287 ||| FLEEEEING.
  1288 | D:2      | 1288 ||| FLEEEEING.
  1289 | D:2      | 1289 ||| FLEEEEING.
  1290 | D:2      | 1290 ||| FLEEEEING.
  1291 | D:2      | 1291 ||| FLEEEEING.
  1292 | D:2      | 1292 ||| FLEEEEING.
  1293 | D:2      | 1293 ||| FLEEEEING.
  1294 | D:2      | 1294 ||| FLEEEEING.
  1295 | D:2      | 1295 ||| FLEEEEING.
  1296 | D:2      | 1296 ||| FLEEEEING.
  1297 | D:2      | 1297 ||| FLEEEEING.
  1298 | D:2      | 1298 ||| FLEEEEING.
  1299 | D:2      | 1299 ||| FLEEEEING.
  1300 | D:2      | 1300 ||| FLEEEEING.
  1301 | D:2      | 1301 ||| FLEEEEING.
  1302 | D:2      | 1302 ||| FLEEEEING.
  1303 | D:2      | 1303 ||| FLEEEEING.
  1304 | D:2      | 1304 ||| FLEEEEING.
  1407 | D:2      | Found Hal Oczi's Assorted Antiques.
  1416 | D:2      | 1416 ||| BUYING green potion (19 gold).
  1416 | D:2      | Bought a green potion for 19 gold pieces
  1416 | D:2      | 1416 ||| SHOPLISTING potion of curing (66 gold, have 47).
  1416 | D:2      | 1416 ||| BUYING sapphire potion (19 gold).
  1416 | D:2      | Bought a sapphire potion for 19 gold pieces
  1416 | D:2      | 1416 ||| BUYING scroll labelled UHUOPI POYM (22 gold).
  1416 | D:2      | Bought a scroll labelled UHUOPI POYM for 22 gold pieces
  1416 | D:2      | 1416 ||| SHOPLISTING worn iron wand (88 gold, have 6).
  1418 | D:2      | Found Teuthra's Antique Weapon Emporium.
  1427 | D:2      | 1427 ||| SHOPLISTING glowing orcbow (104 gold, have 6).
  1535 | D:2      | 1535 ||| DROPPING +6 ring of intelligence.
  1536 | D:2      | 1536 ||| READING 2 scrolls labelled UHUOPI POYM.
  1537 | D:2      | 1537 ||| READING 2 scrolls labelled BECOCZ ALIF.
  1538 | D:2      | 1538 ||| READING scroll labelled DECKO LA OSYOS.
  1542 | D:2      | 1542 ||| DRINKING 2 cyan potions.
  1543 | D:2      | 1543 ||| DROPPING scroll of immolation.
  1544 | D:2      | 1544 ||| DROPPING scroll of vulnerability.
  1545 | D:2      | 1545 ||| DROPPING potion of brilliance.
  1568 | D:3      | 1568 ||| STAIRDANCE
  1713 | D:3      | Found a shimmering altar of Xom.
  1713 | D:3      | Found a shimmering altar of Xom.
  1733 | D:3      | Found a shimmering altar of Xom.
  1735 | D:3      | Found a shimmering altar of Xom.
  1735 | D:3      | Found a shimmering altar of Xom.
  1766 | D:3      | Found a shimmering altar of Xom.
  1766 | D:3      | Found a shimmering altar of Xom.
  1880 | D:3      | 1880 ||| UPGRADING to ring of positive energy.
  1881 | D:3      | 1881 ||| READING scroll labelled HUC NANOULEI.
  1882 | D:3      | 1882 ||| READING scroll labelled PEAKUIL LEQAPS.
  1884 | D:3      | 1884 ||| Stepping ~*~*~tactically~*~*~ (cloud).
  1885 | D:3      | 1885 ||| DRINKING 2 potions of curing.
  1885 | D:3      | 1885 ||| (to cure poison)
  1914 | D:4      | 1914 ||| PLANNING SEWER
  1920 | D:4      | 1920 ||| STAIRDANCE
  1925 | D:3      | Reached skill level 8 in Ranged Weapons
  1988 | D:4      | 1988 ||| STAIRDANCE
  1993 | D:3      | HP: 3/25 [orc priest/+0 club (5)]
  1994 | D:3      | 1994 ||| READING 2 scrolls of teleportation.
  1994 | D:3      | Slain by an orc priest

Levels and vault maps discovered:
D:1:      lemuel_arrival_behind_the_door_small, layout_loops_ring
D:2:      layout_loops_ring, hellmonk_ecumenical_altar_lost_god, serial_shops,
          nicolae_shop_tiny_waterfront, nicolae_lakefront_shop, shop, shop,
          shop_fountains, minmay_misc_feat_plants
D:3:      layout_rooms, nicolae_xom_altar_mimics
D:4:      layout_rooms, portal_sewer_entry_d

Skill      XL: |  1  2  3  4 |
---------------+-------------+-----
Ranged Weapons | 6 7 8 |  8.0
Fighting       | |  1.5
Dodging        | |  2.4
Stealth        | |  1.2

Action                     |  1- 3 |  4- 6 || total
---------------------------+-------+-------++-------
   Fire: Shortbow          |   130 |    78 ||   208
    Use: Potion            |     4 |     2 ||     6
         Scroll            |     2 |     6 ||     8
 Armour: Leather armour    |     7 |       ||     7
         Ring mail         |    21 |    20 ||    41
  Dodge: Dodged            |    43 |    35 ||    78

Table legend:
 A = Non-vault XP
 B = Vault XP
 C = Vault XP percentage of total XP
 D = Non-vault monster count
 E = Vault monster count
 F = Vault count percentage of total count
                 A         B        C        D         E       F
            +---------+---------+-------+---------+---------+-------
      Total |     150 |       0 |   0.0 |      59 |       0 |   0.0
            +---------+---------+-------+---------+---------+-------
        D:1 |      44 |       0 |   0.0 |      24 |       0 |   0.0
        D:2 |      83 |       0 |   0.0 |      25 |       0 |   0.0
        D:3 |      23 |       0 |   0.0 |      10 |       0 |   0.0
            +---------+---------+-------+---------+---------+-------
